 Dungeon Crawl Stone Soup version 0.30-b1-2-g02819fbbbe (webtiles) character file.

Game seed: 11880059031970682025

4177 raph the Frost Mage (level 10, -7/73 HPs)
             Began as a Merfolk Ice Elementalist on May 6, 2023.
             Was an Initiate of Makhleb.
             Mangled by a polar bear (23 damage)
             ... on level 9 of the Dungeon.
             The game lasted 00:17:04 (10581 turns).

raph the Frost Mage (Merfolk Ice Elementalist)     Turns: 10581, Time: 00:17:05

Health: -7/73      AC: 11    Str:  9    XL:     10   Next: 28%
Magic:  14/16      EV: 20    Int: 19    God:    Makhleb [......]
Gold:   372        SH:  0    Dex: 14    Spells: 7/18 levels left

rFire   + . .        a - +2 spear (heavy)
rCold   . . .        (no shield)
rNeg    . . .        v - +1 robe {Will+}
rPois   .            z - +2 helmet
rElec   .            e - +1 cloak "Teimiag" {Fly rF+}
rCorr   .            c - +2 pair of gloves
SInv    .            (no boots)
Will    +....        (no amulet)
Stlth   ++           u - +5 ring of evasion
HPRegen 0.32/turn    (no ring)
MPRegen 0.15/turn

%: no passive effects
@: freezing walls, flying, hasted, very quick
A: (nimble swimmer 2), mertail
a: Renounce Religion


You were on level 9 of the Dungeon.
You worshipped Makhleb.
Makhleb was noncommittal.
You visited 2 branches of the dungeon, and saw 10 of its levels.

You collected 634 gold pieces.
You spent 262 gold pieces at shops.

Inventory:

Hand Weapons
 a - a +2 heavy spear (weapon)
Missiles
 j - 8 poisoned darts (quivered)
 o - a throwing net
 s - 2 curare-tipped darts
Armour
 c - a +2 pair of gloves (worn)
 e - the +1 cloak "Teimiag" (worn) {Fly rF+}
   (You acquired it on level 7 of the Dungeon)

   rF:        It protects you from fire.
   Fly:       It grants you flight.
 v - a +1 robe of willpower (worn)
 z - a +2 helmet (worn)
Magical Staves
 b - a staff of cold
Jewellery
 u - a +5 ring of evasion (left hand)
Wands
 i - a wand of polymorph (5)
 w - a wand of mindburst (15)
Scrolls
 h - a scroll of blinking
 l - 2 scrolls of teleportation
 n - 3 scrolls of identify
 q - 2 scrolls of magic mapping
 y - a scroll of enchant weapon
Potions
 d - 2 potions of haste
 f - 5 potions of curing
 k - 2 potions of mutation
 m - 2 potions of lignification
 p - a potion of attraction {unknown}
 x - a potion of flight {unknown}


   Skills:
 + Level 4.7 Fighting
 * Level 8.5 Polearms
 + Level 6.6 Dodging
 - Level 2.1 Stealth
 + Level 4.5 Spellcasting
 + Level 2.3 Summonings
 * Level 11.8 Ice Magic


You had 7 spell levels left.
You knew the following spells:

 Your Spells              Type           Power      Damage    Failure   Level
a - Freeze                Ice            100%       1d10      1%          1
b - Frozen Ramparts       Ice            98%        1d15      1%          3
c - Ozocubu's Armour      Ice            49%        N/A       1%          3
d - Summon Ice Beast      Ice/Summ       31%        N/A       7%          4

Your spell library contained the following spells:

 Spells                   Type           Power      Damage    Failure   Level
 Apportation              Tloc           8%         N/A       13%         1
 Stone Arrow              Conj/Erth      8%         3d7       36%         3
 Animate Armour           Summ/Erth      16%        N/A       63%         4
 Alistair's Intoxication  Tmut/Pois      2%         N/A       98%         5
 Lehudib's Crystal Spear  Conj/Erth      2%         10d2      100%        8


Dungeon Overview and Level Annotations

Branches:
Dungeon (9/15)             Temple (1/1) D:7            Lair (0/5) D:9
    Orc: D:9-12

Altars:
Ashenzari
Cheibriados
Dithmenos
Elyvilon
Fedhas
Gozag
Hepliaklqana
Makhleb
Nemelex Xobeh
Okawaru
Qazlal
Ru
Sif Muna
Trog
Uskayaw
Vehumet
Wu Jian
Xom
Yredelemnul
Zin
The Shining One

Shops:
D:2 [   D:3 ?

Annotations:
D:6 4 runed translucent doors, Dowan, Duvessa
D:9 2 runed translucent doors


Innate Abilities, Weirdness & Mutations

((You are very nimble when in or above water. (Stealth+, EV+, Speed+++)))
Your lower body shifts to a powerful aquatic tail in water.


Message History

The polar bear resists.
The wall freezes the polar bear.
The polar bear goes berserk!
The ice beast completely resists.
The wall freezes the ice beast but does no damage.
You hit the polar bear.
The polar bear is severely wounded.
The polar bear resists.
The wall freezes the polar bear.
The polar bear misses you. The polar bear closely misses you. x2
The wall freezes the ice beast but does no damage.
The polar bear resists.
The wall freezes the polar bear.
The polar bear completely misses you. The polar bear misses you.
The polar bear completely misses you.
You hit the polar bear but do no damage.
The polar bear is almost dead.
The wall freezes the polar bear but does no damage.
The polar bear closely misses you. The polar bear completely misses you.
The polar bear closely misses you.
The ice beast completely resists.
The wall freezes the ice beast but does no damage.
You hit the polar bear.
The polar bear is almost dead.
Your icy armour evaporates.
The polar bear resists.
The wall freezes the polar bear.
The polar bear completely misses you. The polar bear misses you.
The polar bear claws you but does no damage.
The wall freezes the ice beast but does no damage.
The polar bear resists.
The wall freezes the polar bear.
The polar bear barely misses you.
The polar bear claws you but does no damage.
The polar bear barely misses you.
You hit the polar bear but do no damage.
The polar bear is almost dead.
The polar bear resists.
The wall freezes the polar bear.
The polar bear bites you!!
* * * LOW HITPOINT WARNING * * *
The polar bear barely misses you.
The polar bear claws you but does no damage.
The ice beast completely resists.
The wall freezes the ice beast but does no damage.
You feel yourself speed up.
The polar bear resists.
The wall freezes the polar bear.
The polar bear bites you!!
You die...

...##########................
........>............#......#
....................~........
########...........#....#...
#...#######.#......# #...#
##.....#.# . #...#
#....~..#.k.
#.[.#######..........>
###......@hY......#...
#......##......##
###......###......#
###........# #~....#.#
##..........# ##........
##...........# ##......#.
###.....#......######......
##.......#....รท.............
......#########........


You could see a polar bear (berserk) and an ice beast.

Vanquished Creatures
  A rime drake (D:9)
  A troll (D:9)
  A hornet (D:8)
  3 yaks (D:9)
  Eustachio (D:4)
  A steam dragon (D:7)
  A water moccasin (D:8)
  2 orc warriors (D:6)
  5 ice beasts
  2 ogres
  A sky beast (D:7)
  A wolf (D:9)
  A centaur (D:6)
  2 phantoms (D:6)
  2 kobold brigands
  A bullfrog (D:4)
  4 scorpions
  4 wights (D:8)
  2 hounds (D:6)
  An orc priest (D:6)
  4 jellies
  3 iguanas
  2 sleepcaps (D:5)
  8 orc wizards
  3 gnolls (D:4)
  8 adders
  A shadow imp (D:7)
  A white imp (D:5)
  2 ufetubi
  A worm (D:2)
  3 dart slugs
  21 orcs
  7 ball pythons
  3 endoplasms
  2 goblins
  7 hobgoblins
  13 jackals
  10 kobolds
  5 quokkas
  5 bats
  8 frilled lizards
  8 rats
162 creatures vanquished.

Vanquished Creatures (collateral kills)
  A wight (D:8)
  An orc wizard (D:8)
  An orc (D:8)
3 creatures vanquished.

Grand Total: 165 creatures vanquished

Notes
Turn   | Place    | Note
-------+----------+-------------------------------------------
     0 | D:1      | raph the Merfolk Ice Elementalist began the quest for the
                  | Orb.
     0 | D:1      | Reached XP level 1. HP: 13/13 MP: 3/3
    55 | D:1      | Found a faded altar of an unknown god.
   123 | D:2      | Reached XP level 2. HP: 11/19 MP: 1/5
   176 | D:2      | Found Inus's Armour Shoppe.
   184 | D:2      | Reached skill level 5 in Ice Magic
   612 | D:2      | Reached XP level 3. HP: 6/24 MP: 3/6
   730 | D:2      | Bought a +0 pair of gloves for 58 gold pieces
   826 | D:2      | Learned a level 3 spell: Frozen Ramparts
  1277 | D:1      | You fall into a shaft and drop 1 floor!
  1286 | D:1      | Reached skill level 6 in Ice Magic
  1347 | D:1      | Reached XP level 4. HP: 30/30 MP: 7/7
  1538 | D:1      | HP: 1/30 [poisoned by a kobold]
  1648 | D:1      | Learned a level 3 spell: Ozocubu's Armour
  2592 | D:3      | Found Meoptonk's Magic Scroll Shoppe.
  2596 | D:3      | Bought a scroll of identify for 24 gold pieces
  2825 | D:3      | Found a sacrificial altar of Ru.
  2851 | D:3      | Reached XP level 5. HP: 23/35 MP: 2/8
  3041 | D:3      | Reached skill level 7 in Ice Magic
  3177 | D:3      | Bought a scroll of blinking for 90 gold pieces
  3577 | D:4      | Noticed Eustachio
  3594 | D:4      | Killed Eustachio
  3595 | D:4      | Reached skill level 8 in Ice Magic
  3595 | D:4      | Reached XP level 6. HP: 35/41 MP: 1/9
  4006 | D:3      | Bought a scroll of blinking for 90 gold pieces
  4179 | D:4      | Reached skill level 9 in Ice Magic
  4179 | D:4      | Reached XP level 7. HP: 15/46 MP: 0/10
  4421 | D:5      | Entered Level 5 of the Dungeon
  4593 | D:5      | Found a glowing silver altar of Zin.
  4949 | D:5      | Found an opulent altar of Gozag.
  4951 | D:5      | Found a shadowy altar of Dithmenos.
  4983 | D:5      | Reached skill level 10 in Ice Magic
  5512 | D:5      | Reached skill level 1 in Polearms
  5512 | D:5      | Reached XP level 8. HP: 50/53 MP: 4/11
  6131 | D:6      | Reached skill level 1 in Fighting
  6716 | D:6      | Found a large runed translucent door.
  6716 | D:6      | Found a large runed translucent door.
  6717 | D:6      | Noticed Dowan
  6719 | D:6      | Noticed a yak
  6719 | D:6      | Noticed Duvessa
  6789 | D:6      | Noticed a red ugly thing
  7099 | D:6      | Found a large runed translucent door.
  7103 | D:6      | Found a large runed translucent door.
  7130 | D:6      | Reached skill level 5 in Polearms
  7130 | D:6      | Reached XP level 9. HP: 33/62 MP: 4/13
  7552 | D:6      | Identified the +5 gold dragon scales of Heithes {+Blink
                  | rElec rPois rF+ rC+}
  7719 | D:7      | Reached skill level 5 in Dodging
  7966 | D:7      | HP: 3/64 [ice beast (5)]
  7974 | D:7      | Reached skill level 11 in Ice Magic
  8179 | D:7      | Identified a scroll of acquirement
  8179 | D:7      | Acquired the +1 cloak "Teimiag" {Fly rF+}
  8215 | D:7      | Found a staircase to the Ecumenical Temple.
  8223 | Temple   | Entered the Ecumenical Temple
  8479 | Temple   | Became a worshipper of Makhleb the Destroyer
  8508 | D:7      | Found a shimmering blue altar of Sif Muna.
  9124 | D:8      | Learned a level 4 spell: Summon Ice Beast
  9633 | D:8      | Noticed a hornet
  9645 | D:8      | Killed a hornet
  9646 | D:8      | Reached skill level 1 in Summonings
  9981 | D:8      | Identified the +1 robe of the Crypt {Rampage rElec Str+4
                  | Dex-2}
 10061 | D:9      | Found a hide-covered altar of Uskayaw.
 10146 | D:9      | Found a large runed translucent door.
 10146 | D:9      | Found a large runed translucent door.
 10159 | D:9      | Noticed a troll
 10166 | D:9      | Killed a troll
 10223 | D:9      | Found a glowing golden altar of the Shining One.
 10276 | D:9      | Reached XP level 10. HP: 48/73 MP: 9/16
 10392 | D:9      | Found a basalt altar of Yredelemnul.
 10525 | D:9      | Found a staircase to the Lair.
 10581 | D:9      | Mangled by a polar bear

Illustrated notes

Levels and vault maps discovered:
D:1:      scummos_arrival_simple_crosswalls, layout_basic,
          ebering_ecumenical_altar_abandoned
D:2:      layout_rooms, serial_shops, shop
D:3:      layout_loops_cross, mainiacjoe_overflow_24_doors, serial_shops, shop
D:4:      layout_loops_ring, minmay_misc_feat_tower, uniq_eustachio
D:5:      layout_layer_cave, mainiacjoe_overflow_concentric_impassable,
          mainiacjoe_overflow_catwalk_spiral
D:6:      layout_loops_ring, minmay_hollow_rounded_squares, uniq_duvessa
D:7:      layout_loops_ring, nicolae_sif_muna_condensation,
          minmay_temple_entry_overgrown
D:8:      layout_basic
D:9:      layout_long_grid, amcnicky_altar_gilded, nicolae_uskayaw_dance_studio,
          nicolae_tso_carved_into_rock, hellmonk_lair_entry_icy, serial_shops,
          nicolae_shop_drivethru, ebering_ghost_disaster_area, uniq_psyche
Temple:   oiseaux_autumnal_temple

Skill      XL: |  1  2  3  4  5  6  7  8  9 10 |
---------------+-------------------------------+-----
Ice Magic      | 5 6 8 9 10 11 | 11.8
Polearms       | 1 5 7 8 |  8.5
Dodging        | 4 6 |  6.6
Fighting       | 2 4 |  4.7
Spellcasting   | 3 4 |  4.5
Summonings     | 1 2 |  2.3
Stealth        | |  2.1

Action                     |  1- 3 |  4- 6 |  7- 9 | 10-12 || total
---------------------------+-------+-------+-------+-------++-------
  Melee: Unarmed           |     6 |       |       |       ||     6
         Dagger            |     7 |       |       |       ||     7
         Spear             |     3 |    51 |   177 |    51 ||   282
         Punch             |     1 |       |     5 |     2 ||     8
         Staff             |       |       |    26 |       ||    26
  Throw: Dart              |       |     1 |     6 |       ||     7
   Cast: Freeze            |    47 |     6 |     1 |       ||    54
         Frozen Ramparts   |     2 |    27 |    44 |     2 ||    75
         Ozocubu's Armour  |       |     4 |    28 |     1 ||    33
         Summon Ice Beast  |       |       |     5 |     1 ||     6
    Use: Potion            |     2 |       |     2 |     1 ||     5
         Scroll            |     5 |     9 |     8 |       ||    22
   Stab: Sleeping          |     2 |     1 |     2 |       ||     5
 Armour: Robe              |     8 |    21 |    69 |    13 ||   111
  Dodge: Dodged            |    56 |    52 |   166 |    62 ||   336
